 Dungeon Crawl Stone Soup version 0.24.0-1-gfbc8707122 (webtiles) character file.

Game seed: 7519255363351326371, levelgen mode: deterministic

37 Mrkan the Skirmisher (level 3, -1/33 HPs)
             Began as a Draconian Fighter on Oct 25, 2019.
             Was an Initiate of Dithmenos.
             Slain by Sigmund
             ... wielding a +0 scythe
              (5 damage)
             ... on level 2 of the Dungeon.
             The game lasted 00:01:54 (621 turns).

Mrkan the Skirmisher (Draconian Fighter)             Turns: 621, Time: 00:01:54

Health: -1/33      AC:  5    Str: 18    XL:     3   Next: 21%
Magic:  3/3        EV: 10    Int:  9    God:    Dithmenos [......]
Gold:   45         SH:  9    Dex: 10    Spells: 2/2 levels left

rFire    . . .     SeeInvis .   a - +0 long sword
rCold    . . .     Gourm    .   b - +0 shield
rNeg     . . .     Faith    .   (armour unavailable)
rPois    .         Spirit   .   (helmet restricted)
rElec    .         Reflect  .   (no cloak)
rCorr    .         Harm     .   (no gloves)
MR       .....                  (no boots)
Stlth    +.........             (no amulet)
HPRegen  0.11/turn              (no ring)
MPRegen  0.08/turn              (no ring)

@: no status effects
A: unfitting armour, cold-blooded, AC +5
a: Renounce Religion


You were on level 2 of the Dungeon.
You worshipped Dithmenos.
Dithmenos was noncommittal.
You were not hungry.

You visited 1 branch of the dungeon, and saw 2 of its levels.

You collected 45 gold pieces.

Inventory:

Hand Weapons
 a - a +0 long sword (weapon)
Armour
 b - a +0 shield (worn)
Scrolls
 g - a scroll of remove curse {unknown}
 h - a scroll of identify {unknown}
Potions
 c - a potion of might
 e - a potion of heal wounds {unknown}
 i - a potion of ambrosia {unknown}
Comestibles
 d - 2 rations
 f - 3 chunks of flesh


   Skills:
 + Level 3.6 Fighting
 * Level 3.0 Long Blades
 - Level 2.6 Dodging
 + Level 3.3 Shields


You had 2 spell levels left.
You didn't know any spells.
Your spell library was empty.

Dungeon Overview and Level Annotations

Branches:
Dungeon (2/15)

Altars:
Dithmenos
Kikubaaqudgha
Okawaru
Qazlal

Annotations:
D:2 Sigmund


Innate Abilities, Weirdness & Mutations

Your plain brown scales are hard. (AC +5)
You cannot fit into any form of body armour.
You are cold-blooded and may be slowed by cold attacks.


Message History

You resist with significant effort.
You closely miss Sigmund.
Sigmund is heavily wounded.
Sigmund closely misses you.
Your shield prevents you from hitting Sigmund.
Sigmund is heavily wounded.
You block Sigmund's attack.
You closely miss Sigmund.
Your tail-slap misses Sigmund.
Sigmund is heavily wounded.
You block Sigmund's attack.
You hit Sigmund.
Your tail-slap misses Sigmund.
Sigmund is severely wounded.
Sigmund hits you but does no damage.
You barely miss Sigmund.
Sigmund is severely wounded.
You block Sigmund's attack.
You barely miss Sigmund.
Sigmund is severely wounded.
Sigmund hits you with a +0 scythe.
You die...

##### ##...## ...>
##.....## ....# #.......#
....## #...@...#
.....###### #...@...#
.........# ##.....##
#.......# #.......# ..
#.......###.....>.##..
###....................
#.........####.....#.#..
#.####..#..# ##.....>####.
#.####.....#####..........
#...8#8.....)............


You could see Sigmund.

Vanquished Creatures
  An adder (D:2)
  A worm (D:2)
  A leopard gecko (D:1)
  A ball python (D:1)
  4 giant cockroaches
  A goblin (D:2)
  A hobgoblin (D:1)
  2 jackals (D:2)
  2 quokkas (D:2)
  A bat (D:1)
  4 frilled lizards
  A kobold (D:1)
  4 rats
24 creatures vanquished.

Notes
Turn   | Place    | Note
-------+----------+-------------------------------------------
     0 | D:1      | Mrkan the Draconian Fighter began the quest for the Orb.
     0 | D:1      | Reached XP level 1. HP: 19/19 MP: 1/1
    96 | D:1      | Reached XP level 2. HP: 24/26 MP: 2/2
   411 | D:2      | Found a stormy altar of Qazlal.
   427 | D:2      | Found an ancient bone altar of Kikubaaqudgha.
   441 | D:2      | Reached XP level 3. HP: 27/31 MP: 3/3
   450 | D:2      | Found an iron altar of Okawaru.
   563 | D:2      | Found a shadowy altar of Dithmenos.
   567 | D:2      | Became a worshipper of Dithmenos the Shadowed
   596 | D:2      | Noticed Sigmund
   621 | D:2      | Slain by Sigmund

Levels and vault maps discovered:
D:1:      co_arrival_square_in_a_square_in_a_square, layout_basic
D:2:      layout_rooms, nicolae_overflow_quartered_altars, serial_rivers,
          chequers_serial_rivers_marsh, chequers_serial_rivers_marsh,
          chequers_serial_rivers_room_b, chequers_serial_rivers_micro_e,
          chequers_serial_rivers_micro_b, chequers_serial_rivers_marsh,
          first_ration, st_stairs_10, uniq_sigmund

Skill      XL: |  1  2  3 |
---------------+----------+-----
Long Blades    | 3 |  3.0
Fighting       | |  3.6
Dodging        | |  2.6
Shields        | |  3.3

Action                   || total
-------------------------++-------
Melee: Long sword        ||    92
       Tailslap          ||    14
 Stab: Sleeping          ||     1
Armor: Skin              ||    22
Dodge: Dodged            ||    39
Block: Shield            ||    37
       Rpst.: Long sword ||    10
